 Dungeon Crawl Stone Soup version 0.27.0-66-gdc8fb28755 (webtiles) character file.

Game seed: 7071078306541178974

3 Spectrina the Sneak (level 1, 0/13 HPs)
             Began as a Vampire Delver on Aug 20, 2021.
             Slain by a gnoll (3 damage)
             ... on level 3 of the Dungeon.
             The game lasted 00:01:21 (150 turns).

Spectrina the Sneak (Vampire Delver)                 Turns: 150, Time: 00:01:22

Health: 0/13       AC:  3    Str: 11    XL:     1   Next: 41%
Magic:  1/1        EV: 12    Int: 12    God:
Gold:   0          SH:  0    Dex: 15    Spells: 0/0 levels left

rFire    . . .     SeeInvis +   a - +0 short sword
rCold    + + .     Faith    .   (no shield)
rNeg     + + +     Spirit   .   b - +0 leather armour
rPois    ∞         Reflect  .   (no helmet)
rElec    .         Harm     .   (no cloak)
rCorr    .         Rampage  .   (no gloves)
Will     .....                  (no boots)
Stlth    +++++.....             (no amulet)
HPRegen  0.00/turn              (no ring)
MPRegen  0.07/turn              (no ring)

@: bloodless, inhibited regen
A: bloodless, fangs 3, see invisible, vampiric 1
a: Revivify


You were on level 3 of the Dungeon.
You visited 1 branch of the dungeon, and saw 4 of its levels.

Inventory:

Hand Weapons
 a - a +0 short sword (weapon)
 k - a +0 hunting sling
Missiles
 m - 23 stones (quivered)
 n - 19 bolts
 o - 15 sling bullets
Armour
 b - a +0 leather armour (worn)
Wands
 g - a wand of digging (3)
Scrolls
 c - a scroll of fog
 d - a scroll of magic mapping
 e - a scroll of fear
 i - a scroll of teleportation {unknown}
 j - a scroll of identify {unknown}
Potions
 f - a potion of haste
 h - a potion of lignification {unknown}
 l - a potion of flight {unknown}


   Skills:
 - Level 2.6 Fighting
 - Level 2.1 Short Blades
 - Level 2.1 Dodging
 + Level 7.5 Stealth


You couldn't memorise any spells.
You didn't know any spells.
Your spell library was empty.

Dungeon Overview and Level Annotations

Branches:
Dungeon (5/15)
 Temple: D:4-7

Altars:

Shops:
D:4 (


Innate Abilities, Weirdness & Mutations

You do not regenerate when monsters are visible.
You are frail without blood (-20% HP).
You can heal yourself when you bite living creatures.
You are immune to poison.
You have razor-sharp teeth.
You have supernaturally acute eyesight. (SInv)
You are afflicted with vampirism.


Message History

o - 15 sling bullets
There is a stone staircase leading up here.
Found a stone staircase leading down.
There is a shaft here.
There is a stone staircase leading up here.
You climb upwards.
There is a stone staircase leading down here.
A worm and a gnoll come into view. 2 gnolls come into view.
Found 22 arrows.
The helpless worm fails to defend itself.
You puncture the worm! You bite the worm, but do no damage.
The worm is almost dead.
The gnoll shouts!
A gnoll comes into view. It is wielding a +0 halberd.
You barely miss the worm.
The gnoll shouts!
You bite the worm, but do no damage.
The worm is almost dead.
The worm bites you.
Unknown command.
You hit the worm.
You kill the worm!
There is a stone staircase leading down here.
The gnoll barely misses you.
You climb downwards.
There is a stone staircase leading up here.
You closely miss the gnoll. The gnoll barely misses you.
You barely miss the gnoll. The gnoll hits you with a +0 flail.
* * * LOW HITPOINT WARNING * * *
You hit the gnoll.
The gnoll is moderately wounded.
The gnoll closely misses you.
You hit the gnoll.
The gnoll is heavily wounded.
The gnoll closely misses you.
You hit the gnoll.
The gnoll is severely wounded.
The gnoll hits you with a +0 flail.
You die...

#># #.#
#.# ...
#.# #.#
#^####
#...g#
####@#
#.# #.#
#.# .#
#.# .#
#.# .#
#.# .#
#.# .#
#.###.#


You could see a gnoll.

Vanquished Creatures
  A worm (D:2)
1 creature vanquished.

Notes
Turn   | Place    | Note
-------+----------+-------------------------------------------
     0 | D:5      | Spectrina the Vampire Delver began the quest for the Orb.
     0 | D:5      | Reached XP level 1. HP: 17/17 MP: 1/1
    62 | D:4      | Found Idghuxoyro's Antique Weapon Emporium.
   150 | D:3      | Slain by a gnoll

Illustrated notes

Levels and vault maps discovered:
D:2:      layout_loops_ring, kennysheep_cross_bottleneck,
          kennysheep_cluttered_room, minivault_23
D:3:      layout_basic, minmay_misc_feat_diagonals
D:4:      layout_gridville, minmay_temple_entry_butterflies, serial_shops, shop,
          fountainhead, grunt_ministairs_2
D:5:      layout_layer_cave

Action                   || total
-------------------------++-------
Melee: Short sword       ||     8
       Bite              ||     2
 Abil: Exsanguinate      ||     1
 Stab: Sleeping          ||     1
Dodge: Dodged            ||     4
